[Event "44th Chess Olympiad Women 2022"]
[Site "Chennai"]
[Date "2022.07.29"]
[Round "1.20"]
[White "Sandu, Mihaela"]
[Black "Mongeli, Sasha"]
[Result "1-0"]
[WhiteElo "2297"]
[BlackElo "1672"]
[Annotator "ChessBase"]
[PlyCount "77"]
[EventDate "2022.??.??"]
[TimeControl "60"]

1. e4 c6 2. d4 d5 3. e5 Bf5 4. Nf3 e6 5. Be2 Nd7 6. O-O Ne7 7. Nbd2 c5 8. c4 Bg4 9. h3 Bh5 10. dxc5 Nxc5 11. b4 Bxf3 12. Nxf3 Nd7 13. Bg5 dxc4 14. Bxc4 Qb6 15. Qe2 Nc6 16. a3 Be7 17. Bxe7 Nxe7 18. Rfd1 Rd8 19. Rd6 Qc7 20. Rad1 Nc8 21. Ng5 O-O 22. Nxe6 fxe6 23. Bxe6+ Kh8 24. Rxd7 Rxd7 25. Rxd7 Qc1+ 26. Rd1 Qxa3 27. Bxc8 Rxc8 28. Qc4 Rf8 29. e6 Qb2 30. Qf4 Kg8 31. e7 Rxf4 32. Rd8+ Kf7 33. e8=Q+ Kf6 34. Rd6+ Kg5 35. Qe7+ Kh5 36. g4+ Rxg4+ 37. hxg4+ Kxg4 38.
Qe4+ Kg5 39. Rd5+ 1-0

[Event "44th Chess Olympiad Women 2022"]
[Site "Chennai"]
[Date "2022.07.29"]
[Round "1.21"]
[White "Toma, Katarzyna"]
[Black "Elfelo, Eklas"]
[Result "1-0"]
[WhiteElo "2303"]
[BlackElo "1562"]
[Annotator "TA"]
[PlyCount "83"]
[EventDate "2022.??.??"]
[TimeControl "60"]

1. e4 c5 2. Nf3 Nf6 3. e5 Nd5 4. Nc3 e6 5. Nxd5 exd5 6. d4 {[%emt 0:00:06] B29: Sicilian: 2 Nf3 Nf6 
(Nimzowitsch Variation).} c4 7. g3 d6 8. Bg2 {[%emt 0:00:24] [#] White is slightly better.} Bg4 $146 ({Predecessor:} 8... Be7 9. O-O O-O 10. Re1 Nc6 11. Bf4 dxe5
12. Nxe5 Nxe5 13. Rxe5 Be6 14. Qe2 Bf6 15. Rxe6 fxe6 16. Qxe6+ {½-½ (43)
Machado,T (1879)-Martins,B (2134) Luso 2018}) 9. h3 Bh5 (9... Be6 $14) 10. Qe2 (10. c3 $16) 10... Qe7
{[%emt 0:08:18] [#]} ({Black should play} 10... Be7 $1 $14) 11. O-O $1 $36 {
[%emt 0:13:20] Re1 is the strong threat. White is on the roll.} Nc6 12. c3 (12. Re1 $142) 12... dxe5 13.
dxe5 Nxe5 $2 {[%emt 0:02:13] This move loses the game for
Black.} 14. Qxe5 $18 Bxf3 15. Qxe7+ Bxe7 16. Bxf3 O-O 17. Bxd5 Rab8 18. Bxc4 b5 19. Bb3 Bc5 20. Bf4 Rbd8 21. Rad1 a5 22. Bc7 Ra8 23. Rd5 a4 24. Rxc5 axb3 25. axb3 Ra2 26. Rxb5 Rxb2 27. c4 Re8 28. Rd1 h6 29. Rd8 Rxd8 30. Bxd8 {[%emt 0:00:06] Endgame KRB-KR} Kf8 31. c5 Rc2 32. b4 g5 33. Bf6 {[%emt 0:00:14][%cal Rb5b8] [#]} Ke8 34. Rb7 {[%emt 0:00:23] White threatens Rc7 and mate.} Rc4 35. Kg2 Rc2 36. Be7 (36.
Rc7 $142 Ra2 37. c6 Ra8 38. Re7+ Kf8 39. b5 Kg8 40. b6 Kh7 41. b7) 36... Rc4 37. b5 {[%emt 0:00:09] White mates.} Re4 38.
Bd6 Kd8 39. b6 Rb4 40. c6 Kc8 41. Rxf7 Rxb6 42. Rf8# {[%emt 0:00:36]
Weighted Error Value: White=0.07 (flawless) /Black=0.74} 1-0

[Event "44th Chess Olympiad Women 2022"]
[Site "Chennai"]
[Date "2022.07.29"]
[Round "1.21"]
[White "Varney, Zoe"]
[Black "Elfelo, Khadija"]
[Result "1-0"]
[WhiteElo "2045"]
[BlackElo "1875"]
[Annotator "NA"]
[PlyCount "53"]
[EventDate "2022.??.??"]
[TimeControl "60"]

1. e4 c5 2. Nf3 d6 3. d4 cxd4 4. Nxd4 Nf6 5. Nc3 a6 6. Be3 e5 7. Nb3 Be7 8. f3 O-O 9. Qd2 Be6 10. O-O-O Nc6 11. g4 Rc8 12. g5 Nh5 13. Nd5 Bxd5 14. exd5 Nb8 15. Bd3 Nf4 16. Bxf4 exf4 17. h4 Nd7 18. Qxf4 Ne5 19. Qd4 Nxf3 20. Qe4 Nxg5 21. hxg5 Bxg5+ 22. Kb1 g6 23. Qg4 f5 24. Qh3 h6 25. Rdg1 Kg7 26. Nd4 Qd7 27. Rxg5 1-0

[Event "44th Chess Olympiad Women 2022"]
[Site "Chennai"]
[Date "2022.07.29"]
[Round "1.22"]
[White "Adhikari, Kritisara"]
[Black "Hagarova, Zuzana"]
[Result "0-1"]
[WhiteElo "1552"]
[BlackElo "2293"]
[Annotator "ChessBase"]
[PlyCount "84"]
[EventDate "2022.??.??"]
[TimeControl "60"]

1. d4 Nf6 2. Bf4 g6 3. e3 Bg7 4. Nd2 d6 5. Ngf3 O-O 6. h3 Nc6 7. Be2 Nd7 8. Bh2 e5 9. Nb3 a5 10. a4 e4 11. Nfd2 Qe7 12. O-O f5 13.
Bc4+ Kh8 14. Nc1 Nf6 15. Re1 Bd7 16. Ne2 Nd8 17. Nf4 c6 18.
Bb3 g5 19. Nh5 Nxh5 20. Qxh5 Be8 21. Qe2 Bg6 22. Nc4 Nf7 23. Qd2 Qd8 24. Qe2 d5 25. Nd2 Nh6 26. f4 exf3 27. Nxf3 Nf7 28. Qd2 g4 29. hxg4 fxg4 30. Ne5 Nxe5 31. dxe5 Qh4 32. Bf4 g3 33. Bxg3 Qxg3 34. Re2 Bxe5 35. Rf2 Qh2+ 36. Kf1 Qh1+ 37. Ke2 Rxf2+ 38. Kxf2 Rf8+ 39. Ke2 Qxg2+ 40. Kd1 Bh5+ 41. Kc1 Rf1+ 42. Qd1 Rxd1# 0-1

[Event "44th Chess Olympiad Women 2022"]
[Site "Chennai"]
[Date "2022.07.29"]
[Round "1.22"]
[White "Borosova, Zuzana"]
[Black "Kapali, Binita"]
[Result "1-0"]
[WhiteElo "2277"]
[BlackElo "1511"]
[Annotator "RC"]
[PlyCount "115"]
[EventDate "2022.??.??"]
[TimeControl "60"]

1. Nf3 d5 2. g3 Nf6 3. Bg2 Bg4 4. d3 Nc6 5. Nbd2 e5 6. h3 Bf5 7. c3 Be7 8. Qc2 e4 9. Nh4 exd3 10. exd3 Be6 11. Nb3 O-O 12. Be3 Rb8 13. O-O a6 14. Kh2 Nd7 15. Nf3 Nde5 16. Nxe5 Nxe5 17. f4 Nc6 18. Rae1 Qd7 19. Nc5 Bxc5 20. Bxc5 Rfe8 21. Qf2 Bf5 22. Qf3 Ne7 23. g4 Qb5 24. Bxe7 Bxd3 25. a4 Qd7 26. Qxd3 Rxe7 27. Rxe7 Qxe7 28. Qxd5 c6 29. Qe4 Qd7 30. Re1 h6 31. Qd4 Qc7 32. Qe5 Qd8 33. Re2 Rc8 34. Be4 Qh4 35. Bf5 Rf8 36. Qe7 Qxe7 37. Rxe7 g6 38. Be4 f5 39. gxf5 gxf5 40. Bf3 Rb8 41. a5 Kf8 42. Re5 Kg7 43. Rxf5 Kg6 44. Re5 Kf6 45. Kg3 Rd8 46. Kf2 Rd2+ 47. Re2 Rd6 48. Be4 Rd7 49. Bc2 h5 50. h4 Rg7 51. f5 Rg4 52. Re6+ Kf7 53.
Re4 Rg7 54. b4 Kf6 55. Re6+ Kf7 56. Rh6 Rg4 57. Rxh5 Rc4 58. Bb3 1-0

[Event "44th Chess Olympiad Women 2022"]
[Site "Chennai"]
[Date "2022.07.29"]
[Round "1.22"]
[White "Neupane, Anisha"]
[Black "Mrvova, Alena"]
[Result "0-1"]
[WhiteElo "1488"]
[BlackElo "2165"]
[Annotator "RC"]
[PlyCount "90"]
[EventDate "2022.??.??"]
[TimeControl "60"]

1. e4 c5 2. Nc3 Nc6 3. f4 e6 4. Nf3 Nge7 5. d3 d5 6. g3 d4 7. Ne2 g6 8. Bg2 Bg7 9. O-O O-O 10. c3 Qb6 11. Qc2 Bd7 12. Kh1 Rac8 13.
Bd2 Rfd8 14. Rad1 e5 15. h3 Be6 16. Nc1 c4 17. Ng5 cxd3 18.
Qb1 Bc4 19. cxd4 Nxd4 20. Be3 exf4 21. gxf4 d2 22. Nd3 h6 23. Nf3 Bxd3 24. Qxd3 Nxf3 25. Qe2 Nd4 26. Qf2 Qa5 27. Rxd2 Ndc6 28. Rfd1 Qxa2 29. e5 Rxd2 30. Rxd2 Qb1+ 31. Kh2 Qf5 32. Qe1 g5 33. Rf2 Ng6 34. fxg5 Qxe5+ 35. Kg1 hxg5 36. Qd2 Rd8 37. Qc1 Nf4 38. Bf1 Nd3 39. Bxd3 Rxd3 40. Bxg5 Qd5 41. Kh2 Rd1 42. Qe3 Be5+ 43. Bf4 Rh1+ 44. Kg3 Rg1+ 45. Kh2 Qh1# 0-1

[Event "44th Chess Olympiad Women 2022"]
[Site "Chennai"]
[Date "2022.07.29"]
[Round "1.22"]
[White "Sucikova, Svetlana"]
[Black "Dhimal, Shanti"]
[Result "1-0"]
[WhiteElo "2188"]
[BlackElo "1499"]
[Annotator "RC"]
[PlyCount "75"]
[EventDate "2022.??.??"]
[TimeControl "60"]

1. Nf3 Nf6 2. g3 d5 3. Bg2 e6 4. O-O Bd6 5. d4 O-O 6. c4 c5 7. cxd5 Nxd5 8. e4 Nc7 9. dxc5 Bxc5 10. Qc2 Bb6 11. Bf4 Nc6 12. Rd1 Qe8 13. Bd6 e5 14. Na3 Na6 15. Nc4 Bc5 16. Bxc5 Nxc5 17. Nd6 Qe7 18. Qxc5 Bg4 19. Qa3 Qf6 20. h3 Bh5 21. g4 Bg6 22. Nf5 Rfd8 23. Rac1 h5 24. Rd6 Rxd6 25. Qxd6 Qxd6 26. Nxd6 Rb8 27. b3 f6 28. Nh4 Kh7 29. Nxg6 Kxg6 30. gxh5+ Kxh5 31. Bf3+ Kg5 32. Kg2 Kf4 33. Nf5 g6 34. Ne3 Rd8 35. h4 Nd4 36. Nd5+ Rxd5 37. exd5 Nxf3 38. d6 1-0

[Event "44th Chess Olympiad Women 2022"]
[Site "Chennai"]
[Date "2022.07.29"]
[Round "1.23"]
[White "Henderson de La Fuente, Andrea"]
[Black "Movsesian, Julia"]
[Result "0-1"]
[WhiteElo "1962"]
[BlackElo "2291"]
[Annotator "TA"]
[PlyCount "46"]
[EventDate "2022.??.??"]
[TimeControl "60"]

1. e4 e5 2.
Nf3 Nc6 3. Bb5 a6 4. Ba4 Nf6 5. d3 b5 6. Bb3 Be7 7. O-O O-O 8. Re1 d6 9. a3 Be6 10. c3
{[%emt 0:17:30] [#]} Na5 $146 {[%emt 0:07:13] C90: Closed Ruy Lopez with 7...
d6: Early deviations.} ({Predecessor:} 10... Bxb3 11. Qxb3 Na5 12. Qa2 c5 13.
Bg5 Nd7 14. Be3 Qc7 15. Nbd2 c4 16. a4 Qc6 17. d4 Rfb8 18. Qa3 {0-1 (55)
Novikov,S (2556)-Safarli,E (2463) Dresden 2007}) 11. Bc2 c5 12. d4 cxd4 {[%emt 0:09:47] The position is
equal.} 13. cxd4 exd4 14. Nxd4 Bd7 15. Nc3 Rc8 16. Re3 Bg4 17. f3 Bd7 18. b3 Nc6 19. Bb2 Nxd4 20. Qxd4 d5 {[%emt 0:00:12][%cal Yd6d5,Yd5d4]
Hoping for ...Bc5.} 21. b4 {[%emt 0:00:44] Prevents Bc5.} ({Avoid the trap} 21.
exd5 $2 Bc5 22. Qd2 Re8 $19) 21... Rc4 22. Qe5 (22. Qd3 $11 d4 23. e5 $1) 22... d4 $19 23. Nd5 (23. Bb3 dxe3 24. Bxc4 bxc4 25. Nd5) 23... Nxd5 {[%emt 0:05:49] Weighted
Error Value: White=0.85/Black=0.06 (flawless)} (23... dxe3 $2 24. Nxe7+ Kh8 {
[#]} 25. Qxf6 $1 $18) 0-1

[Event "44th Chess Olympiad Women 2022"]
[Site "Chennai"]
[Date "2022.07.29"]
[Round "1.23"]
[White "Koubova, Anna Marie"]
[Black "Galera Serra, Maria"]
[Result "1-0"]
[WhiteElo "2115"]
[BlackElo "1464"]
[Annotator "NA"]
[PlyCount "65"]
[EventDate "2022.??.??"]
[TimeControl "60"]

1. d4 d5 2. c4 c6 3. Nf3 Nf6 4. g3 Bf5 5. Nc3 dxc4 6. Bg2 e6 7. Ne5 Be7 8.
Nxc4 O-O 9. O-O Nbd7 10. Bf4 Nd5 11. Bd6 N7f6 12. Bxe7 Nxe7 13. e3 h6 14. Rc1 Ned5 15. Qb3 Nxc3 16. bxc3 Rb8 17. Nd2 c5 18. e4 Bg4 19. e5 Nh7 20. Qa4 cxd4 21. cxd4 Be2 22. Rfe1 Ba6 23. Ne4 f6 24. Nc5 Qe8 25. Qb3 fxe5 26. Nxe6 Rf7 27. Nc7 Qd8 28. Bd5 Ng5 29. h4 Nh3+ 30. Kg2 Kh8 31. Bxf7 Nf4+ 32. gxf4 Qxh4 33. Nxa6 1-0

[Event "44th Chess Olympiad Women 2022"]
[Site "Chennai"]
[Date "2022.07.29"]
[Round "1.24"]
[White "Burbach, Anya Belle"]
[Black "Bach, Ngoc Thuy Duong"]
[Result "0-1"]
[WhiteElo "1375"]
[BlackElo "2192"]
[Annotator "RC"]
[PlyCount "48"]
[EventDate "2022.??.??"]
[TimeControl "60"]

1. e4 c5 2. Nc3 Nc6 3. f4 d6 4. g3 g6 5. Bg2 Bg7 6. d3 e6 7. Nf3 Nge7 8. O-O O-O 9. Ne2 Rb8 10. c3 b5 11. Be3 b4 12. Rb1 Qa5 13.
Qc2 Ba6 14. Nd2 Rfd8 15. f5 exf5 16. exf5 gxf5 17. Bxc6 Nxc6 18. Nb3 Qc7 19. Rxf5 Re8 20. Bg5 Ne5 21. c4 Bb7 22. d4 Nf3+ 23. Kf2 Be4 24. Qd1 Bxf5 0-1

[Event "44th Chess Olympiad Women 2022"]
[Site "Chennai"]
[Date "2022.07.29"]
[Round "1.24"]
[White "Nguyen, Thi Mai Hung"]
[Black "Khantree, Napat"]
[Result "1-0"]
[WhiteElo "2223"]
[BlackElo "1362"]
[Annotator "RC"]
[PlyCount "67"]
[EventDate "2022.??.??"]
[TimeControl "60"]

1. d4 d5 2. Nf3 Nf6 3. Bf4 Bg4 4. c4 e6 5. Qb3 Qc8 6. Nc3 c6 7. Ne5 Bf5 8. Rc1 Nbd7 9. h3 h6 10. e3 Be7 11. Be2 O-O 12. O-O Ne4 13.
Rfd1 Bh4 14. cxd5 Nxc3 15. Qxc3 exd5 16. b4 Nf6 17. Qb2 Ne4 18. Rf1 Qe6 19. b5 g5 20. Bh2 f6 21. Nf3 Bxh3 22. Nxh4 gxh4 23. Bf4 Kh8 24. Kh2 Bxg2 25. Kxg2 Rg8+ 26. Kh2 h3 27. Bf3 Ng5 28. Bh1 Qg4 29. f3 Qh4 30. Qf2 Qh5 31. bxc6 bxc6 32. Rxc6 Raf8 33. Rg1 Nxf3+ 34. Bxf3 1-0

[Event "44th Chess Olympiad Women 2022"]
[Site "Chennai"]
[Date "2022.07.29"]
[Round "1.24"]
[White "Prommuang, Araya"]
[Black "Hoang, Thi Bao Tram"]
[Result "1-0"]
[WhiteElo "1651"]
[BlackElo "2288"]
[Annotator "RC"]
[PlyCount "69"]
[EventDate "2022.??.??"]
[TimeControl "60"]

1. e4 c6 2. Nc3 d5 3. Nf3 Bg4 4. d4 e6 5. Be2 Bb4 6. e5 Bxf3 7. Bxf3 c5 8.
O-O Nc6 9. a3 Bxc3 10. bxc3 Nge7 11. Bb2 O-O 12. g3 Rc8 13. Bg2 Na5 14. f4 Nc4 15. Bc1 Qb6 16. Qd3 Rc7 17. g4 Rfc8 18. dxc5 Qxc5+ 19. Kh1 Ng6 20. Qg3 Rd7 21. h4 Nb6 22. f5 Nf8 23. Bd2 d4 24. cxd4 Qxd4 25. Bb4 exf5 26. gxf5 Rc4 27. e6 Rxb4 28. axb4 fxe6 29. fxe6 Nxe6 30. Rae1 Nf8 31. Rf4 Qd2 32. Qb3+ Nd5 33. Bxd5+ Rxd5 34. Ref1 Ne6 35. Rf5 1-0

[Event "44th Chess Olympiad Women 2022"]
[Site "Chennai"]
[Date "2022.07.29"]
[Round "1.24"]
[White "Vo, Thi Kim Phung"]
[Black "Chuemsakul, Sarocha"]
[Result "1-0"]
[WhiteElo "2333"]
[BlackElo "1684"]
[Annotator "TA"]
[PlyCount "83"]
[EventDate "2022.??.??"]
[TimeControl "60"]

1. d4 Nf6 2. c4 e6 3. Nc3 d5 4. Bg5 Be7 5. e3 Nbd7 6. Nf3 O-O 7. Qc2 Re8 8. cxd5 exd5 9. Bd3 c6 10. O-O h6 11. Bf4 Nh5 12. Nxd5 Nxf4 13. Nxf4 Bd6 {[%emt 0:02:32] [#] D36:
Queen's Gambit Declined: Exchange Variation: Main line (5 Bg5 c6 6 Qc2).} 14.
Rfd1 $146 ({Predecessor:} 14. Ne2 Nf8 15. Bf5 Qf6 16. Bxc8
Raxc8 17. Ng3 g6 18. Rac1 Bb8 19. Ne4 Qe7 20. Nc5 h5 21. Qb3 b6 22. Nd3 Nd7 {
1-0 (33) Eynullayev,A (2325)-Hayrapetyan,H (2500) Chess.com INT 2021}) 14...
Qc7 15. Nh5 {[%emt 0:01:33] 0x0.00207caa9430dp-1022s more
active pieces.} Nb6 {[%emt 0:01:58] White is better.} 16. e4 Bg4 17. Ng3 Bf4 18. Be2 Qe7 19. e5 Bxg3 20. hxg3 Nd5 21. Nh4 Bxe2 22. Qxe2 g6 23. Rac1 Kg7 24. Qd3 Rad8 25. a3 a5 26. Qb3 Ra8 27. Nf3 Rec8 28. Nd2 a4 29. Qf3 h5 30. Ne4 Rh8 31.
Nc3 Nb6 32. d5 (32. Rd3 $142
) 32... Nc4 $2 {[%emt 0:02:26] [#] Black cannot hold the game after this.} (
32... Rhc8 $16) 33. Qf6+ $18 (33. dxc6 Nxe5 34. Qe4 Nxc6 $16)
33... Qxf6 34. exf6+ Kh6 35.
dxc6 bxc6 36. Ne4 Ne5 37. Rc5 Ng4 (37... Rhe8 {
keeps fighting.} 38. Nd6 Rad8) 38. f3 {[%emt 0:02:01] White is clearly winning.
} Ne3 39. Rd3 Nd5 40. Rxc6 Rhd8 41. Nd6 Rd7 42. Rxd5 {[%emt 0:00:13] Weighted Error Value: White=0.06 (flawless) /
Black=0.40} 1-0

[Event "44th Chess Olympiad Women 2022"]
[Site "Chennai"]
[Date "2022.07.29"]
[Round "1.25"]
[White "Gueci, Tea"]
[Black "Kaslan, Victoria"]
[Result "1-0"]
[WhiteElo "2254"]
[BlackElo "1477"]
[Annotator "ChessBase"]
[PlyCount "67"]
[EventDate "2022.??.??"]
[TimeControl "60"]

1. e4 c5 2. Nf3 d6 3. Bb5+ Nd7 4. d4 cxd4 5. Qxd4 a6 6. Bxd7+ Bxd7 7. c4 e5 8. Qd3 Nf6 9. O-O Be7 10. Bg5 Bc6 11. Nc3 Qc7 12. Rfd1 Rd8 13.
Rac1 O-O 14. b4 b6 15. b5 Bb7 16. Bxf6 Bxf6 17. bxa6 Ba8 18. Nd5 Bxd5 19. cxd5 Qa7 20. Rc6 Rd7 21. Rb1 Rb8 22. Nd2 Bd8 23. Qb5 h6 24. Nc4 Bc7 25. a4 Kh7 26. Nxb6 Re7 27. a5 g6 28. Qd3 Ree8 29. h4 Kg7 30.
Rb3 Kg8 31. Nd7 Rxb3 32. Qxb3 Bd8 33. Rxd6 Bxh4 34. Qb6 1-0

[Event "44th Chess Olympiad Women 2022"]
[Site "Chennai"]
[Date "2022.07.29"]
[Round "1.25"]
[White "Kaslan, Catherine"]
[Black "Brunello, Marina"]
[Result "0-1"]
[WhiteElo "1872"]
[BlackElo "2341"]
[Annotator "ChessBase"]
[PlyCount "86"]
[EventDate "2022.??.??"]
[TimeControl "60"]

1. e4 c5 2. Nf3 d6 3. d4 cxd4 4. Nxd4 Nf6 5. Nc3 a6 6. Be3 e5 7. Nb3 Be6 8. f3 h5 9. Qd2 Nbd7 10. Nd5 Bxd5 11. exd5 g6 12. c4 b6 13. Bd3 Bg7 14. O-O a5 15. Rae1 O-O 16. Bg5 Qc7 17. Nc1 Rae8 18. Ne2 e4 19. fxe4 Nxe4 20. Bxe4 Rxe4 21. b3 Ree8 22. Nc3 Nc5 23. Bf6 Rxe1 24. Qxe1 Qd7 25. Bxg7 Kxg7 26. Rf3 Re8 27. Re3 Rxe3 28. Qxe3 Qf5 29. Qd4+ Kh7 30. Qf2 Qd7 31. Qf6 Kg8 32. Nb5 Ne4 33. Qd4 Qg4 34. h3 Qf4 35. Nxd6 Qc1+ 36. Kh2 Nxd6 37. Qxb6 Qf4+ 38. Kg1 Nf5 39. Qd8+ Kg7 40. Qxa5 Qe3+ 41. Kh2 h4 42. Qc7 Ng3 43. Qd6 Qe1 0-1

[Event "44th Chess Olympiad Women 2022"]
[Site "Chennai"]
[Date "2022.07.29"]
[Round "1.26"]
[White "Cadeau, Merisena"]
[Black "Rozman, Monika"]
[Result "0-1"]
[WhiteElo "1439"]
[BlackElo "2104"]
[Annotator "NA RC"]
[PlyCount "86"]
[EventDate "2022.??.??"]
[TimeControl "60"]

1. e4 e5 2. Nf3 Nc6 3. Bc4 Bc5 4. Nc3 Nf6 5. d3 O-O 6. Bg5 Be7 7. O-O d6 8. h3 Na5 9. Bb3 Nxb3 10. axb3 c6 11. Qd2 h6 12. Bh4 Nh5 13.
Bxe7 Qxe7 14. Rfe1 Qf6 15. Qe3 a6 16. d4 Nf4 17. Kh2 Be6 18.
dxe5 dxe5 19. Ra5 Ng6 20. Ne2 Rad8 21. Ng3 Bc8 22. Qc5 Rfe8 23. Nh5 Qe7 24. Qc3 Rd6 25. g3 f6 26. g4 Red8 27. Raa1 Qc7 28. Ng3 Qb6 29. Re2 Nf4 30. Qe3 Qxe3 31. Rxe3 g6 32. Ne2 h5 33. gxh5 Nxh5 34. Rg1 Kf7 35. Nh4 g5 36. Nf5 Bxf5 37. exf5 Rd2 38. Rc1 Nf4 39. Ng1 Rxf2+ 40. Kg3 Rdd2 41. c3 Nh5+ 42. Kg4 Rf4+ 43. Kxh5 Rh4# 0-1

[Event "44th Chess Olympiad Women 2022"]
[Site "Chennai"]
[Date "2022.07.29"]
[Round "1.26"]
[White "Paul, Theophane"]
[Black "Janzelj, Lara"]
[Result "0-1"]
[WhiteElo "1493"]
[BlackElo "2215"]
[Annotator "NA"]
[PlyCount "72"]
[EventDate "2022.??.??"]
[TimeControl "60"]

1. d4 c5 2. Nf3 cxd4 3. Nxd4 Nc6 4. e3 g6 5. Nc3 Bg7 6. Bc4 Nf6 7. O-O O-O 8. Nf3 b6 9. Qe2 a6 10. a4 Bb7 11. e4 d6 12. Bf4 Nd7 13.
Rfd1 Nce5 14. Nxe5 Nxe5 15. Bb3 Rc8 16. Qe3 Nc4 17. Bxc4 Rxc4 18. e5 d5 19. b3 Rc5 20. Rd3 Rxc3 21. Rxc3 d4 22. Qd3 Qd5 23. Qf3 dxc3 24. Qxd5 Bxd5 25. Rd1 e6 26. f3 b5 27. a5 Rc8 28. Bg3 Bf8 29. Bf2 Bxb3 30. cxb3 c2 31. Rc1 Bh6 32. Rxc2 Rxc2 33. Be1 Bd2 34. Bxd2 Rxd2 35. Kf1 Rb2 36. b4 Rxb4 0-1

[Event "44th Chess Olympiad Women 2022"]
[Site "Chennai"]
[Date "2022.07.29"]
[Round "1.26"]
[White "Urh, Zala"]
[Black "Seine, Rose Berline"]
[Result "1-0"]
[WhiteElo "2321"]
[BlackElo "1679"]
[Annotator "TA"]
[PlyCount "83"]
[EventDate "2022.??.??"]
[TimeControl "60"]

1. d4 d5 2. c4 e6 3. Nc3 Nf6 4. Nf3 Be7 5. Bf4 O-O 6. e3 Re8 {[%emt 0:00:53] D37: Queen's Gambit Declined:
5 Bf4.} 7. Rc1 a6 8. a3 Nbd7
{[%emt 0:02:00] [#]} (8... c5 $11 {keeps the balance.}) 9. c5 $146 (9. cxd5 $16 Nb6 10. dxe6 Bxe6 11. Bd3) ({Predecessor:} 9. Bd3 dxc4 10.
Bxc4 b5 11. Bd3 Nf8 12. Ne4 Nd5 13. Bg3 Bb7 14. Nc5 Bxc5 15. Rxc5 {½-½ (57)
Vitak,J (1519)-Pravda,K Hrdonov 2012}) 9... Nh5 $14 10. Bd3 Nxf4 11. exf4 c6 12. Qc2 Nf8 13. O-O Qc7 14. g3 Ng6 15. Rfe1 Bd7 (15... Bd8 $16) 16. Na4 Bf6 (16... Nf8 $16 17. h4 Red8) 17. Ne5 (17. Nb6 $18) 17... Rad8 18. Nb6 Bc8 19. h4 Nf8 20. h5 h6 21. Kg2 Qe7 22. b4 {[%emt 0:02:51] White is much more active.}
Bxe5 23. fxe5 f6 24. exf6 (24. f4 $18) 24... Qxf6 {[%emt 0:00:17] This move loses the
game for Black.} (24... gxf6 $16 25. Bg6 Nxg6 26. hxg6 (26. Qxg6+ Qg7 $14)
26... e5) 25. Re5 Nd7 26. Nxd7 Bxd7 27. Qe2 Re7 28.
Bb1 Rf8 29. f4 Be8 30. Re1 {[%emt 0:02:36] Strongly threatening Qc2.} Bf7 (30... g5 $142 31. f5 Bd7 32. fxe6 Be8) 31. Qd3 $18 {[%emt 0:04:58][%csl Gb1]
[%cal Rd3h7] [#]} Rfe8 32. Qh7+ Kf8 33. Qh8+ Bg8 34. Bh7 Kf7 35. Bg6+ Kf8 36. f5 {[%emt 0:00:40] White mates.} Rf7 37.
Rxe6 Rxe6 38. Rxe6 Qxd4 39. Bh7 Qe4+ 40. Rxe4 dxe4 41. Qxg8+ Ke7 42. Bg6 {[%emt 0:00:05] Weighted Error Value:
White=0.12 (very precise) /Black=0.49} 1-0

[Event "44th Chess Olympiad Women 2022"]
[Site "Chennai"]
[Date "2022.07.29"]
[Round "1.26"]
[White "Vidic, Teja"]
[Black "Jonet, Davena"]
[Result "1-0"]
[WhiteElo "2099"]
[BlackElo "1458"]
[Annotator "NA RC"]
[PlyCount "69"]
[EventDate "2022.??.??"]
[TimeControl "60"]

1. e4 d5 2. exd5 Qxd5 3. Nc3 Qd8 4. d4 Bf5 5. Nf3 Nf6 6. Bd3 Bxd3 7. Qxd3 Nc6 8. d5 Nb8 9. Qb5+ Nbd7 10. Qxb7 g6 11. Nb5 Qc8 12. Nxc7+ Kd8 13. Qxa8 Kxc7 14. Qxa7+ Kd8 15. O-O h5 16. Be3 Ke8 17. Rfd1 Bg7 18. c4 Ne4 19. Bd4 f6 20. c5 Kf7 21. c6 Ne5 22. Bxe5 fxe5 23. d6 Bf6 24. Nxe5+ Ke6 25. d7 Qb8 26. Qxb8 Rxb8 27. c7 Rg8 28. c8=Q Rxc8 29. dxc8=Q+ Kxe5 30. g3 Bg5 31. f4+ Bxf4 32. gxf4+ Kxf4 33. Rd4 Kf3 34. Qh3+ Ke2 35. Qd3# 1-0

[Event "44th Chess Olympiad Women 2022"]
[Site "Chennai"]
[Date "2022.07.29"]
[Round "1.27"]
[White "Avramidou, Anastasia"]
[Black "Farrugia, Jamie"]
[Result "1-0"]
[WhiteElo "2274"]
[BlackElo "1547"]
[Annotator "ChessBase"]
[PlyCount "65"]
[EventDate "2022.??.??"]
[TimeControl "60"]

1. Nf3 Nf6 2. c4 c6 3. g3 d5 4. Bg2 Nbd7 5. Qc2 e5 6. d3 Be7 7. O-O O-O 8. cxd5 Nxd5 9. Nbd2 Kh8 10. b3 Nb4 11. Qd1 f5 12. Bb2 Qc7 13. Nc4 Bf6 14. Qd2 Na6 15. Rac1 Re8 16. Rfd1 f4 17. Bc3 Rb8 18. Qb2 e4 19. dxe4 Rxe4 20. Nfe5 fxg3 21. Bxe4 gxf2+ 22. Kh1 Ndc5 23. Bg2 Be6 24. Nf3 Ne4 25. Bxf6 Nxf6 26. Qe5 Qe7 27. Bh3 Re8 28. Qxe6 Qxe6 29. Bxe6 Rxe6 30. Rd8+ Ng8 31. Nce5 h6 32. Nf7+ Kh7 33. N7g5+ 1-0

[Event "44th Chess Olympiad Women 2022"]
[Site "Chennai"]
[Date "2022.07.29"]
[Round "1.27"]
[White "Stagno, Milena"]
[Black "Pavlidou, Ekaterini"]
[Result "0-1"]
[WhiteElo "1448"]
[BlackElo "2138"]
[Annotator "NA"]
[PlyCount "81"]
[EventDate "2022.??.??"]
[TimeControl "60"]

1. e4 c5 2. c3 d5 3. exd5 Qxd5 4. d4 Nc6 5. Nf3 Bg4 6. Be2 cxd4 7. cxd4 e6 8. Nc3 Bb4 9. Bd2 Bxc3 10. bxc3 Nf6 11. O-O O-O 12. c4 Qe4 13. Be3 Rfd8 14. Qd2 Qg6 15. h3 Bxh3 16. Nh4 Qe4 17. Nf3 Qg4 18. Ne1 Qg6 19. Bd3 Bf5 20. Bxf5 Qxf5 21. Nf3 Ne4 22. Qb2 Rac8 23. Rac1 b6 24. Qb5 Qxb5 25. cxb5 Ne7 26. Ne5 Nd5 27. Nc6 Rd7 28. Nxa7 Rxc1 29. Rxc1 Nec3 30. Nc6 Ne2+ 31. Kf1 Nxc1 32. Bxc1 Nc3 33. Be3 Nxb5 34. Ne5 Ra7 35. Nc4 Nc3 36. Nxb6 Rxa2 37. Kg1 Nd1 38. Nc4 Rc2 39. Nd6 f5 40. Kf1 f4 41. Ke1 0-1

[Event "44th Chess Olympiad Women 2022"]
[Site "Chennai"]
[Date "2022.07.29"]
[Round "1.27"]
[White "Thornton, Filipina"]
[Black "Tsolakidou, Stavroula"]
[Result "0-1"]
[WhiteElo "1661"]
[BlackElo "2362"]
[Annotator "TA"]
[PlyCount "36"]
[EventDate "2022.??.??"]
[TimeControl "60"]

1. d4 Nf6 2. c4 e6 3. Nc3 Bb4 4. Qc2 d6 5. a3 Bxc3+ 6. Qxc3 Nbd7 7. Nf3 b6 8. g3 Bb7 9. Bg2 O-O 10. O-O Rc8 11. b4 c5 {[%emt 0:02:03] [#]} 12. bxc5
$146 {[%emt 0:05:34] E32: Nimzo-Indian: Classical (4 Qc2): 4...0-0.} ({Better
is} 12. Bb2 $11) ({Predecessor:} 12. Bb2 d5 13. dxc5 bxc5 14. cxd5 cxb4 15. Qe3
Bxd5 16. axb4 Rc4 17. Qa3 Qb6 18. Qxa7 Rxb4 19. Qxb6 Rxb6 {½-½ (65) Nguyen,N
(2633)-Kovalyov,A (2617) Baku 2016}) 12... bxc5 13. Bf4 $2 {
[%emt 0:04:24] [#]} (13. Rd1 $11 {and White is okay.}) 13... cxd4 $19 14. Qb4 {[%emt 0:01:38] Black is clearly better.} Nc5 15. Rfd1 ({But not} 15. Nxd4 Bxg2 16. Kxg2 e5 $19) 15... e5 16. Bc1 Qc7 17. Nd2 $2 {
[%emt 0:14:53] [#]} (17. Qe1) 17... Bxg2 18. Kxg2 Rb8 {[%emt 0:00:06] White did not feel at home in the position after the
opening. Weighted Error Value: White=1.27/Black=0.00 (flawless)} 0-1